 Dungeon Crawl Stone Soup version 0.31-a0-986-g5e6e4ef867 (webtiles) character file.

Game seed: 6800181199117799108

170 Getoffmy the Shield-Bearer (level 5, 0/42 HPs)
             Began as a Formicid Fighter on Nov 12, 2023.
             Succumbed to a kobold's poison
             ... on level 3 of the Dungeon.
             The game lasted 00:02:21 (1350 turns).

Getoffmy the Shield-Bearer (Formicid Fighter)       Turns: 1350, Time: 00:02:21

Health: 0/42       AC:  8    Str: 22    XL:     5   Next: 80%
Magic:  5/5        EV: 14    Int:  8    God:
Gold:   82         SH:  6    Dex: 19    Spells: 4/4 levels left

rFire   . . .        a - +0 quarterstaff
rCold   . . .        c - +0 buckler
rNeg    . . .        b - +0 scale mail
rPois   .            (helmet unavailable)
rElec   .            (no cloak)
rCorr   .            k - +0 pair of gloves
SInv    +            (no boots)
Will    .....        (no amulet) Stlth
                     n - +6 ring of dexterity
HPRegen 0.27/turn    o - +5 ring of evasion
MPRegen 0.09/turn

%: no passive effects
@: mighty, lethally poisoned (0 -> -8)
A: permanent stasis, dig shafts and tunnels, antennae 3, four strong arms
a: Dig, Shaft Self


You were on level 3 of the Dungeon.
You visited 1 branch of the dungeon, and saw 3 of its levels.

You collected 82 gold pieces.

Inventory:

Hand Weapons
 a - a +0 quarterstaff (weapon)
Missiles
 p - 8 stones
Armour
 b - a +0 scale mail (worn)
 c - a +0 buckler (worn)
 k - a +0 pair of gloves (worn)
Jewellery
 n - a +6 ring of dexterity (left hand)
 o - a +5 ring of evasion (right hand)
Wands
 q - a wand of flame (12)
Scrolls
 e - a scroll of enchant armour {unknown}
 g - 2 scrolls of identify {unknown}
 l - 2 scrolls of fear {unknown}
Potions
 f - a potion of ambrosia {unknown}
 h - 2 potions of berserk rage {unknown}
 i - a potion of haste {unknown}
 j - a potion of magic {unknown}
 m - a potion of curing {unknown}


   Skills:
 + Level 4.1 Fighting
 * Level 3.8 Staves
 + Level 4.1 Armour
 + Level 5.0 Shields


You had 4 spell levels left.
You didn't know any spells.
Your spell library contained the following spells:

 Spells                   Type           Power      Damage    Failure   Level
 Apportation              Tloc           0%         N/A       80%         1
 Jinxbite                 Hex            0%         N/A       90%         2
 Alistair's Intoxication  Tmut/Pois      0%         N/A       100%        5


Dungeon Overview and Level Annotations

Branches:
Dungeon (3/15)

Altars:

Annotations:
D:3 1 transporter, Sanktem7's ghost, amateur DECj


Innate Abilities, Weirdness & Mutations

You cannot be hasted, slowed, berserked, paralysed or teleported.
You can dig through walls and to a lower floor.
You have a pair of large antennae on your head. (SInv)
Your four strong arms can wield two-handed weapons with a shield.


Message History

You thump the rat!
You kill the rat!
The gnoll hits you with a +2 heavy flail!
You barely miss the gnoll. You hit the gnoll.
The gnoll is moderately wounded.
The gnoll hits you with a +2 heavy flail.
You barely miss the gnoll.
The gnoll is moderately wounded.
The gnoll barely misses you.
You hit the gnoll but do no damage.
The gnoll is moderately wounded.
The gnoll hits you with a +2 heavy flail!
* * * LOW HITPOINT WARNING * * *
You sock the gnoll!
The gnoll is almost dead.
You barely miss the gnoll.
The gnoll is almost dead.
The gnoll barely misses you.
You barely miss the gnoll.
The gnoll is almost dead.
The gnoll hits you with a +2 heavy flail!
* * * LOW HITPOINT WARNING * * *
You hit the gnoll but do no damage.
The gnoll is almost dead.
The gnoll misses you.
You hit the gnoll.
You kill the gnoll!
Your Shields skill increases to level 5!
You feel very mighty all of a sudden. The gnoll hits you with a +0 club.
* * * LOW HITPOINT WARNING * * *
You sock the gnoll!
You kill the gnoll!
You miss the frilled lizard. You block the frilled lizard's attack.
You sock the frilled lizard!
You kill the frilled lizard!
The kobold throws a poisoned dart.
The poisoned dart hits you!
You are lethally poisoned!
You die...

.## { ..# ####.# #..#.##
... ..
########..#..#####.##..
#.....................
#.####.#....##.###...
#.###.....###..# #@#
###.....#..#
#......K..##...#.....#{.
#.......#..##>.##.)..##{
##...#......##..#.#...#5
#..#.#.#,...##...#<.©#W
#...#... $...#.......#5
#.. . ..# .#.###....##.
## . .#. ..?. ##.#.# .
####.#.# #


You could see a kobold.

Vanquished Creatures
  An orc priest (D:3)
  Terence (D:2)
  An orc wizard (D:3)
  3 gnolls (D:3)
  2 dart slugs (D:1)
  3 orcs (D:3)
  4 ball pythons
  4 bats
  4 endoplasms
  2 giant cockroaches
  A goblin (D:3)
  7 hobgoblins
  7 jackals (D:2)
  4 quokkas
  4 frilled lizards
  4 kobolds
  5 rats
57 creatures vanquished.

Notes
Turn   | Place    | Note
-------+----------+-------------------------------------------
     0 | D:1      | Getoffmy the Formicid Fighter began the quest for the Orb.
     0 | D:1      | Reached XP level 1. HP: 18/18 MP: 1/1
   125 | D:1      | Reached XP level 2. HP: 24/24 MP: 2/2
   358 | D:1      | Reached XP level 3. HP: 29/29 MP: 3/3
  1104 | D:2      | Noticed Terence
  1110 | D:2      | Reached XP level 4. HP: 34/37 MP: 4/4
  1113 | D:2      | Killed Terence
  1287 | D:3      | Found a transporter.
  1291 | D:3      | Noticed Sanktem7's ghost (amateur DECj)
  1326 | D:3      | Reached XP level 5. HP: 42/42 MP: 5/5
  1346 | D:3      | Reached skill level 5 in Shields
  1346 | D:3      | HP: 1/42 [gnoll/+0 club (3)]
  1350 | D:3      | Succumbed to a kobold's poison

Illustrated notes

Levels and vault maps discovered:
D:1:      shiori_arrival_maze, layout_basic, serial_glass, glass_columns_b,
          glass_columns_b, due_unseen_surprise, minmay_strange_pillars,
          feat_on_display, minmay_close_crescents
D:2:      layout_rooms, uniq_terence
D:3:      layout_rooms, grunt_temple_overflow_diamond, serial_shops, shop,
          gammafunk_ghost_stat_death, ebering_ecumenical_altar_box,
          minmay_statues_item, hangedman_decor_opposing,
          roderic_serpentine_path, minmay_misc_feat_rugged

Skill      XL: |  1  2  3  4  5 |
---------------+----------------+-----
Staves         | 3 |  3.8
Fighting       | 4 |  4.1
Armour         | 4 |  4.1
Shields        | 5 |  5.0

Action                     |  1- 3 |  4- 6 || total
---------------------------+-------+-------++-------
  Melee: Quarterstaff      |   103 |    45 ||   148
    Use: Potion            |       |     1 ||     1
 Armour: Scale mail        |    84 |    11 ||    95
  Dodge: Dodged            |    50 |    21 ||    71
  Block: Buckler           |    23 |    14 ||    37

Table legend: (Time is in decaauts)
 A = Elapsed time spent in this place.
 B = Non-inter-level travel time spent in this place.
 C = Inter-level travel time spent in this place.
 D = Time resting spent in this place.
 E = Time spent auto-exploring this place.
 F = Levels seen in this place.
 G = Mean time per level.
                   A        B        C        D        E       F      G
               +--------+--------+--------+--------+--------+-----+--------+
         Total |   1375 |   1314 |     61 |      0 |    938 |   3 |  458.3 |
       Dungeon |   1375 |   1314 |     61 |      0 |    938 |   3 |  458.3 |
               +--------+--------+--------+--------+--------+-----+--------+

Top non-repeatable levels by time:
     D:1: 706 daAuts
     D:2: 575 daAuts
     D:3: 94 daAuts
